 Dungeon Crawl Stone Soup version 0.17-a0-1570-g74b7129 (webtiles) character file.

6808 carl the Covert (level 10, 0/66 HPs)
             Began as a Spriggan Enchanter on July 23, 2015.
             Was a High Priest of Kikubaaqudgha.
             Slain by Gastronok (10 damage)
             ... on level 9 of the Dungeon.
             The game lasted 00:36:16 (10400 turns).

carl the Covert (Spriggan Enchanter)               Turns: 10400, Time: 00:36:16

Health: 0/66       AC: 31    Str:  4    XL:     10   Next: 77%
Magic:  22/23      EV:  4    Int: 26    God:    Kikubaaqudgha [*****.]
Gold:   418        SH:  0    Dex: 16    Spells: 3 memorised, 20 levels left

rFire  . . .     SeeInvis +     L - +1 dagger (freeze)
rCold  . . .     Clarity  .     (armour currently unavailable)
rNeg   + + +     SustAt   .     (shield restricted)
rPois  +         Gourm    .     (helmet currently unavailable)
rElec  .         Spirit   .     (cloak currently unavailable)
rCorr  .         Warding  .     (gloves unavailable)
rMut   .         NoTele   +     (boots unavailable)
MR     +....                    B - amulet of regeneration
Stlth  +++++++...               y - +6 ring of protection
                                C - ring of teleportation

@: brilliant, tree-form, very slightly contaminated, hasted, very quick,
somewhat resistant to hostile enchantments, extremely stealthy
A: unfitting armour, see invisible, herbivore 3, (speed 0), slow metabolism 2
a: Receive Corpses, Torment, Renounce Religion, Evoke Teleportation


You were on level 9 of the Dungeon.
You worshipped Kikubaaqudgha.
Kikubaaqudgha was extremely pleased with you.
You were not hungry.
You were a tree.
You visited 2 branches of the dungeon, and saw 10 of its levels.

You collected 418 gold pieces.

Inventory:

Hand weapons
 A - a +0 rapier
 L - a +1 dagger of freezing (weapon)
 N - a +4 blowgun
Missiles
 x - 57 poisoned needles
Armour
 i - a +2 cloak of invisibility (melded)
 E - a +1 steam dragon armour (melded)
 M - a cursed -2 robe
 T - a +0 ice dragon armour
Jewellery
 m - an uncursed ring of ice
 n - an uncursed ring of ice
 o - an uncursed amulet of rage
 p - an uncursed ring of stealth
 y - a +6 ring of protection (right branch)
 B - an amulet of regeneration (around neck)
 C - a ring of teleportation (left branch)
 F - an uncursed amulet of guardian spirit
 I - an uncursed ring of magical power {unknown}
Magical devices
 a - a wand of disintegration (0)
 Q - a wand of fire (9)
 R - a wand of paralysis (16)
Scrolls
 e - 11 scrolls of identify {unknown}
 g - 5 scrolls of recharging {unknown}
 h - 2 scrolls of teleportation {unknown}
 r - a scroll of remove curse
 s - 2 scrolls of blinking {unknown}
 v - a scroll of magic mapping
 G - a scroll of enchant armour
 H - a scroll of amnesia
 U - a scroll of enchant weapon {unknown}
Potions
 f - a potion of haste
 k - a potion of magic {unknown}
 u - 2 potions of ambrosia {unknown}
 w - a potion of might {unknown}
 J - 3 potions of lignification
 O - a potion of poison {unknown}
 S - a potion of flight {unknown}
Books
 c - a book of Maledictions

   Spells                             Type                      Level
   a - Corona                         Hexes                        1
   b - Ensorcelled Hibernation        Hexes/Ice                    2
   c - Confuse                        Hexes                        3
   d - Tukima's Dance                 Hexes                        3
   e - Dazzling Spray                 Conjuration/Hexes            3
 l - a book of the Warp

   Spells                             Type                      Level
   a - Recall                         Summoning/Translocation      3
   b - Gell's Gravitas                Hexes/Translocation          3
   c - Force Lance                    Conjuration/Translocation    4
   d - Phase Shift                    Translocation                5
   e - Warp Weapon                    Charms/Translocation         5
   f - Summon Forest                  Summoning/Translocation      5
 q - a book of Battle

   Spells                             Type                      Level
   a - Infusion                       Charms                       1
   b - Shroud of Golubria             Charms/Translocation         2
   c - Song of Slaying                Charms                       2
   d - Spectral Weapon                Hexes/Charms                 3
   e - Regeneration                   Charms/Necromancy            3
 t - a book of the Sky

   Spells                             Type                      Level
   a - Summon Lightning Spire         Summoning/Air                4
   b - Airstrike                      Air                          4
   c - Silence                        Hexes/Air                    5
   d - Deflect Missiles               Charms/Air                   6
   e - Conjure Ball Lightning         Conjuration/Air              6
   f - Tornado                        Air                          9
 D - Kikubaaqudgha's Incunabulum of Stolen Souls
   (Kikubaaqudgha gifted it to you on level 5 of the Dungeon)

   Spells                             Type                      Level
   a - Animate Skeleton               Necromancy                   1
   b - Corpse Rot                     Necromancy                   2
   c - Sublimation of Blood           Necromancy                   2
   d - Regeneration                   Charms/Necromancy            3
   e - Control Undead                 Necromancy                   4
 K - Kikubaaqudgha's Guide on Stolen Souls
   (Kikubaaqudgha gifted it to you on level 7 of the Dungeon)

   Spells                             Type                      Level
   a - Animate Dead                   Necromancy                   4
   b - Excruciating Wounds            Charms/Necromancy            5
   c - Cigotuvi's Embrace             Necromancy                   5
   d - Dispel Undead                  Necromancy                   5
   e - Death Channel                  Necromancy                   6
 P - a book of Hinderance

   Spells                             Type                      Level
   a - Confusing Touch                Hexes                        2
   b - Confuse                        Hexes                        3
   c - Gell's Gravitas                Hexes/Translocation          3
   d - Petrify                        Transmutation/Earth          4
   e - Metabolic Englaciation         Hexes/Ice                    5
 W - a book of Envenomations

   Spells                             Type                      Level
   a - Spider Form                    Transmutation/Poison         3
   b - Alistair's Intoxication        Transmutation/Poison         4
   c - Olgreb's Toxic Radiance        Poison                       4
   d - Poisonous Cloud                Conjuration/Poison/Air       6
 X - a book of Enchantments

   Spells                             Type                      Level
   a - Cause Fear                     Hexes                        4
   b - Silence                        Hexes/Air                    5
   c - Deflect Missiles               Charms/Air                   6
   d - Haste                          Charms                       6
   e - Discord                        Hexes                        8
Comestibles
 d - 3 bread rations


   Skills:
 - Level 6.1 Short Blades
 * Level 9.4 Dodging
 - Level 10.2 Stealth
 - Level 8.6 Spellcasting
 - Level 7.0 Hexes
 - Level 6.0 Necromancy
 - Level 6.0 Ice Magic


You had 20 spell levels left.
You knew the following spells:

 Your Spells              Type           Power        Failure   Level  Hunger
a - Corona                Hex            ######.      1%          1    None
b - Ensorcelled Hibernat  Hex/Ice        ######       1%          2    None
c - Confuse               Hex            ######..     1%          3    None


Dungeon Overview and Level Annotations

Branches:
Dungeon (9/15)             Temple (1/1) D:6            Lair (0/8) D:9
    Orc: D:9-12

Altars:
Ashenzari
Cheibriados
Dithmenos
Elyvilon
Fedhas
Gozag
Kikubaaqudgha
Makhleb
Nemelex Xobeh
Okawaru
Qazlal
Ru
Sif Muna
Trog
Vehumet
Xom
Yredelemnul
Zin
The Shining One

Shops:
D:9 =

Annotations:
D:3 CipHuK's ghost, average DECj
D:9 Gastronok


Innate Abilities, Weirdness & Mutations

You are tiny and cannot use many weapons and most armour.
You have supernaturally acute eyesight.
You are a herbivore.
((You cover ground extremely quickly.))
You need consume almost no food.


Message History

Drink which item? (? for menu, Esc to quit)
You feel better.
Drink which item? (? for menu, Esc to quit)
You feel yourself speed up. Gastronok bites you!!
* * * LOW HITPOINT WARNING * * *
You are very lightly contaminated with residual magic.
Drink which item? (? for menu, Esc to quit)
It was a potion of brilliance.
You feel clever all of a sudden.
You hit Gastronok. You freeze Gastronok.
Gastronok is heavily wounded.
You hit Gastronok. You freeze Gastronok.
Gastronok is heavily wounded.
You hit Gastronok. You freeze Gastronok.
Gastronok is heavily wounded.
You hit Gastronok. You freeze Gastronok.
Gastronok is heavily wounded.
Gastronok bites you!
You die...
Kikubaaqudgha rasps: "You have failed me!
Welcome... death!"

#.#........#.#
#.####
#.#.######.#.# #.#
#..........#.###.#
###.########.#...#
#..# #.#.###
#..########.#.#
#...........#.#
#..#######..#.#
#.w♣........#.#
#(##..###...#.#
#.##..# #...#.#
#.##..#
#.....######
...w..w.##..#
#...........
##########..#
#.##########
#..w.r...#
#........
#.#..###.#
######### ..
#..###.#


You could see Gastronok.

Vanquished Creatures
  Pikel (D:7)
  Joseph (D:7)
  An elephant (D:9)
  The ghost of bohran the Ruffian, an average TrBe of Trog (D:4)
  A yak (D:9)
  A deep elf mage (D:8)
  A hippogriff (D:9)
  Eustachio (D:4)
  Edmund (D:4)
  A sky beast (D:5)
  An ice beast (D:6)
  5 orc warriors
  An eye of draining (D:9)
  2 phantoms
  A slave (D:7)
  4 ogres
  2 centaurs
  A wasp (D:9)
  A crocodile (D:9)
  3 giant frogs
  15 big kobolds
  A scorpion (D:8)
  3 killer bees (D:7)
  4 wights (D:7)
  An electric eel (D:7)
  A wasp zombie (D:5)
  7 orc wizards
  A giant frog zombie (D:8)
  4 hounds
  A jelly (D:9)
  Crazy Yiuf (D:7)
  2 gnoll shamans
  A crimson imp (D:7)
  4 orc priests
  A quasit (D:7)
  A centaur skeleton (D:7)
  2 giant frog skeletons
  4 iguanas
  8 worker ants
  A sheep (D:9)
  A killer bee zombie (D:6)
  3 hound zombies
  2 worker ant zombies
  Robin (D:2)
  16 gnolls
  12 adders
  A shadow imp (D:8)
  An ooze (D:7)
  2 adder zombies
  6 worms
  An adder skeleton (D:8)
  5 giant geckos
  37 orcs
  3 ball pythons
  2 bat skeletons
  9 giant cockroaches
  27 hobgoblins
  13 jackals
  32 kobolds
  4 quokkas
  15 bats
  A giant newt (D:1)
  14 goblins
  2 jackal skeletons
  A quokka zombie (D:9)
  16 rats
321 creatures vanquished.

Vanquished Creatures (others)
  A kobold (D:7)
1 creature vanquished.

Grand Total: 322 creatures vanquished

Notes
Turn   | Place    | Note
--------------------------------------------------------------
     0 | D:1      | carl the Spriggan Enchanter began the quest for the Orb.
     0 | D:1      | Reached XP level 1. HP: 9/9 MP: 5/5
   208 | D:1      | Reached XP level 2. HP: 13/13 MP: 6/6
   760 | D:2      | Reached skill level 5 in Stealth
   791 | D:2      | Learned a level 2 spell: Ensorcelled Hibernation
   798 | D:2      | Reached XP level 3. HP: 16/16 MP: 8/8
   889 | D:2      | Noticed Robin
  1613 | D:2      | Reached skill level 6 in Stealth
  1819 | D:2      | Reached XP level 4. HP: 19/21 MP: 9/9
  1919 | D:2      | Killed Robin
  2172 | D:2      | Learned a level 3 spell: Confuse
  2221 | D:3      | Noticed CipHuK's ghost (average DECj)
  2280 | D:3      | Found a bloodstained altar of Trog.
  2283 | D:3      | Found an opulent altar of Gozag.
  2286 | D:3      | Found a shimmering altar of Xom.
  2289 | D:3      | Found a sparkling altar of Nemelex Xobeh.
  2552 | D:3      | Found an ancient bone altar of Kikubaaqudgha.
  2676 | D:4      | Reached skill level 7 in Stealth
  2676 | D:4      | Reached XP level 5. HP: 24/24 MP: 10/10
  2735 | D:4      | Noticed bohran's ghost (average TrBe)
  2760 | D:3      | Became a worshipper of Kikubaaqudgha
  2789 | D:4      | Noticed an ogre
  2803 | D:4      | Killed an ogre
  3239 | D:4      | Reached skill level 8 in Stealth
  3320 | D:4      | Noticed Eustachio
  3323 | D:4      | Killed Eustachio
  3323 | D:4      | Reached skill level 5 in Short Blades
  3323 | D:4      | Reached XP level 6. HP: 28/28 MP: 1/11
  3365 | D:3      | Found a white marble altar of Elyvilon.
  3427 | D:3      | Reached skill level 9 in Stealth
  3543 | D:3      | Found a stormy altar of Qazlal.
  3716 | D:3      | Found a basalt altar of Yredelemnul.
  3860 | D:5      | Entered Level 5 of the Dungeon
  3898 | D:5      | Acquired Kikubaaqudgha's first power
  3898 | D:5      | Received a gift from Kikubaaqudgha
  4001 | D:5      | Reached XP level 7. HP: 19/32 MP: 8/12
  4177 | D:5      | Identified Kikubaaqudgha's Incunabulum of Stolen Souls (Kikubaaqudgha gifted it to you on level 5 of the Dungeon)
  4304 | D:5      | Reached skill level 10 in Stealth
  4532 | D:4      | Noticed an ogre
  4538 | D:4      | Killed an ogre
  4794 | D:4      | Noticed Edmund
  4808 | D:4      | Killed Edmund
  4808 | D:4      | Reached skill level 5 in Spellcasting
  4808 | D:4      | Reached XP level 8. HP: 36/36 MP: 14/16
  4851 | D:4      | Reached skill level 5 in Hexes
  5054 | D:4      | Killed bohran's ghost
  5337 | D:5      | Acquired Kikubaaqudgha's second power
  5724 | D:6      | Found a staircase to the Ecumenical Temple.
  5739 | Temple   | Entered the Ecumenical Temple
  5991 | D:6      | Found a white marble altar of Elyvilon.
  6119 | D:6      | Found an iron altar of Okawaru.
  6298 | D:6      | Reached XP level 9. HP: 39/39 MP: 22/22
  6469 | D:6      | Reached skill level 1 in Necromancy
  6469 | D:6      | Reached skill level 1 in Ice Magic
  6705 | D:7      | Noticed Joseph
  6709 | D:7      | Received a gift from Kikubaaqudgha
  6710 | D:7      | Identified Kikubaaqudgha's Guide on Stolen Souls (Kikubaaqudgha gifted it to you on level 7 of the Dungeon)
  6788 | D:7      | Killed Joseph
  6877 | D:7      | Noticed Pikel
  7335 | D:7      | Noticed Crazy Yiuf
  7341 | D:7      | Killed Crazy Yiuf
  7623 | D:7      | Killed Pikel
  7906 | D:7      | Reached skill level 5 in Necromancy
  8065 | D:8      | Reached XP level 10. HP: 44/44 MP: 19/23
  8080 | D:8      | Acquired Kikubaaqudgha's third power
  8131 | D:8      | Reached skill level 5 in Ice Magic
  8745 | D:8      | Found a radiant altar of Vehumet.
  9196 | D:8      | Found a blossoming altar of Fedhas.
  9419 | D:9      | Reached skill level 5 in Dodging
  9501 | D:9      | Acquired Kikubaaqudgha's fourth power
  9509 | D:9      | Found an iron altar of Okawaru.
  9626 | D:9      | Found a staircase to the Lair.
  9626 | D:9      | Noticed an elephant
  9633 | D:9      | Killed an elephant
  9688 | D:9      | Found Susel's Jewellery Shoppe.
  9809 | D:9      | Noticed Gastronok
 10400 | D:9      | Slain by Gastronok

Vault maps used:
D:1:      minmay_arrival_semitransparent
D:2:      kennysheep_goblin_castle
D:3:      lemuel_doored_altar, elyvilon_altar_1, grunt_qazlal_sundering,
          nicolae_overflow_hidden_temple, grunt_temple_overflow_cloverleaf,
          first_bread, minmay_cupped
D:4:      uniq_robin, uniq_eustachio, uniq_edmund
D:5:      hangedman_decor_clover_reticule, kennysheep_generic_room_10
D:6:      minmay_temple_entry_junction, corner_web_ring,
          hangedman_feature_mirror
D:7:      serial_bayou_pond_b, uniq_joseph, uniq_crazy_yiuf_cottage, uniq_pikel
D:8:      kennysheep_mini, kennysheep_little_box, special_room
D:9:      okawaru_gym_becter, david_lair_generic, serial_shops, shop,
          grunt_pizzeria, minmay_stone_trees_small, uniq_erolcha, uniq_gastronok
Temple:   nicolae_temple_figure_zero

Action                   |  1- 3 |  4- 6 |  7- 9 | 10-12 || total
-------------------------+-------+-------+-------+-------++-------
Melee: Dagger            |    19 |    10 |   139 |   342 ||   510
       Short sword       |    96 |    79 |       |       ||   175
       Rapier            |       |    75 |   271 |       ||   346
 Fire: Blowgun           |       |       |       |     6 ||     6
 Cast: Ensorcelled Hiber |       |    12 |    50 |    60 ||   122
       Confuse           |       |     5 |    26 |     8 ||    39
 Abil: Evoke Invisibilit |       |       |     1 |       ||     1
       Turn Visible      |       |       |     1 |       ||     1
       Evoke Teleportati |       |       |       |     1 ||     1
Evoke: Wand              |       |       |       |     6 ||     6
  Use: Scroll            |       |     2 |       |     5 ||     7
       Potion            |       |       |     5 |     7 ||    12
 Stab: Sleeping          |    18 |    30 |    63 |    56 ||   167
       Confused          |       |       |    16 |     4 ||    20
       Distracted        |       |       |     3 |     1 ||     4
  Eat: Bread ration      |       |     1 |     1 |       ||     2
